 Dungeon Crawl Stone Soup version 0.31-a0-1469-gd420192249 (webtiles) character file.

Game seed: 6666664745608482306

21118 pokeman the Eclecticist (level 12, -4/66 HPs)
             Began as a Deep Elf Hedge Wizard on Dec 28, 2023.
             Was an Elder of Vehumet.
             Succumbed to a swamp dragon's poison gas
             ... on level 11 of the Dungeon.
             The game lasted 00:37:29 (12711 turns).

pokeman the Eclecticist (Deep Elf Hedge Wizard)    Turns: 12711, Time: 00:37:30

Health: -4/66      AC: 15    Str:  7    XL:     12   Next: 51%
Magic:  17/44      EV: 18    Int: 25    God:    Vehumet [****..]
Gold:   1735       SH:  0    Dex: 14    Spells: 17/45 levels left

rFire   . . .        I - +27 heavy crossbow "Sniper" {heavy, Acc+∞ SInv}
rCold   . . .        (shield currently unavailable)
rNeg    . . .        P - +0 steam dragon scales
rPois   .            n - +2 helmet
rElec   .            X - +1 cloak
rCorr   .            O - +2 pair of gloves {infuse}
SInv    +            R - +0 pair of boots
Will    +....        (no amulet)
Stlth   ++           F - ring of magical power
HPRegen 0.31/turn    C - +5 ring of evasion
MPRegen 0.29/turn

%: infuse magic (1 MP)
@: lethally poisoned (-4 -> -33), about to teleport, on blink cooldown, studying
Shields
A: no striking features
a: Renounce Religion


You were on level 11 of the Dungeon.
You worshipped Vehumet.
Vehumet was greatly pleased with you.
You visited 2 branches of the dungeon, and saw 12 of its levels.
You also visited: Bailey.

You collected 1865 gold pieces.
You spent 130 gold pieces at shops.

Inventory:

Hand Weapons
 I - the +27 heavy crossbow "Sniper" (weapon) {heavy, Acc+∞ SInv}
   (You took it off an orc in a bailey)

   Acc+∞: It never misses its target.
   SInv:      It lets you see invisible.
 S - a +2 dagger of venom
Missiles
 m - 6 curare-tipped darts
Armour
 c - a +2 robe of cold resistance
 j - the crystal ball of Wucad Mu {*channel}
   (You took it off a kobold brigand on level 11 of the Dungeon)

   *Channel:  It often returns the magic spent to cast spells, but lowers their
   success rate.
   It always returns the magic spent on miscasts.
 n - a +2 helmet (worn)
 O - a +2 pair of gloves of infusion (worn)
 P - +0 steam dragon scales (worn)
 R - a +0 pair of boots (worn)
 X - a +1 cloak (worn)
Magical Staves
 f - the staff "Oruploun" {Str+9 Dex-5 Earth}
   (You found it on level 11 of the Dungeon)

   [staff of earth]

   Base accuracy: +5 Base damage: 5 Base attack delay: 1.2 This weapon's minimum
   attack delay (0.6) is reached at skill level 12.
   Str+9:     It affects your strength (+9).
   Dex-5:     It affects your dexterity (-5).
   Earth:     It increases the power of your Earth spells.
   It falls into the 'Staves' category.
   It is a one-handed weapon.
 H - a staff of fire
 Z - the staff of Armageddon {rN+ Stlth+ Necro}
   (You took it off a centaur warrior on level 11 of the Dungeon)

   [staff of death]

   Base accuracy: +5 Base damage: 5 Base attack delay: 1.2 This weapon's minimum
   attack delay (0.6) is reached at skill level 12.
   rN+:       It protects you from negative energy.
   Stlth+:    It makes you more stealthy.
   Necro:     It increases the power of your Necromancy spells.
   It falls into the 'Staves' category.
   It is a one-handed weapon.
Jewellery
 i - a ring of fire
 C - a +5 ring of evasion (right hand)
 D - a ring of protection from cold
 F - a ring of magical power (left hand)
 W - a ring of protection from fire
Wands
 Q - a wand of acid (10)
Scrolls
 a - 4 scrolls of teleportation
 M - a scroll of revelation
 N - a scroll of fear {unknown}
 T - a scroll of vulnerability {unknown}
Potions
 b - a potion of degeneration {unknown}
 d - a potion of magic
 e - a potion of ambrosia {unknown}
 h - 2 potions of mutation {unknown}
 k - a potion of enlightenment {unknown}
 o - 2 potions of attraction {unknown}
 p - 2 potions of curing
 q - a potion of berserk rage {unknown}
 t - a potion of lignification {unknown}
 v - 2 potions of invisibility {unknown}
 x - 3 potions of might {unknown}
 z - 4 potions of haste {unknown}
 A - 2 potions of cancellation {unknown}
 U - a potion of heal wounds


   Skills:
 - Level 4.0 Fighting
 - Level 4.0 Ranged Weapons
 + Level 4.5 Armour
 - Level 3.0 Dodging
 - Level 3.0 Stealth
 - Level 5.0 Shields
 * Level 17.4 Spellcasting
 + Level 10.4 Conjurations
 - Level 1.1 Summonings
 - Level 1.2 Necromancy
 - Level 1.1 Translocations
 - Level 1.1 Fire Magic
 - Level 1.0 Ice Magic
 + Level 8.9 Air Magic
 - Level 1.1 Earth Magic
 - Level 1.1 Alchemy
 - Level 1.3 Evocations


You had 17 spell levels left.
You knew the following spells:

 Your Spells              Type           Power      Damage    Failure   Level
a - Magic Dart            Conj           100%       1d8       1%          1
b - Mephitic Cloud        Conj/Alch/Air  54%        N/A       1%          3
c - Call Imp              Summ           54%        N/A       2%          2
d - Blink                 Tloc           54%        N/A       2%          2
e - Shock                 Conj/Air       100%       1d9       1%          1
f - Airstrike             Air            30%        2d(5-21)  1%          4
g - Stone Arrow           Conj/Erth      100%       3d13      1%          3
h - Freezing Cloud        Conj/Ice/Air   27%        6-21      1%          5
i - Orb of Destruction    Conj           32%        9d10      7%          7

Your spell library contained the following spells:

 Spells                   Type           Power      Damage    Failure   Level
 Lee's Rapid Deconstruct  Erth           13%        3d9*      11%         5
 Apportation              Tloc           54%        N/A       1%          1
 Necrotise                Necr           100%       1d9       1%          1
 Sting                    Conj/Alch      100%       1d9       1%          1
 Summon Small Mammal      Summ           100%       N/A       1%          1
 Cigotuvi's Dreadful Rot  Necr/Alch/Air  80%        N/A       1%          2
 Mercury Vapours          Alch/Air       94%        N/A       1%          2
 Swiftness                Air            61%        N/A       1%          3
 Conjure Ball Lightning   Conj/Air       31%        3x3d10    1%          6
 Slow                     Hex            84%        N/A       2%          1
 Lesser Beckoning         Tloc           54%        N/A       2%          2
 Jinxbite                 Hex            42%        N/A       3%          2
 Gell's Gravitas          Tloc           27%        N/A       4%          3
 Teleport Other           Tloc           27%        N/A       4%          3
 Olgreb's Toxic Radiance  Alch           27%        N/A       4%          4
 Yara's Violent Unravell  Hex/Alch       12%        3d7       13%         5
 Summon Blazeheart Golem  Fire/Summ      27%        N/A       14%         4
 Spellforged Servitor     Conj/Summ      25%        N/A       41%         7
 Enfeeble                 Hex            10%        N/A       100%        7
 Discord                  Hex            10%        N/A       100%        8
 Disjunction              Tloc           13%        N/A       100%        8


Dungeon Overview and Level Annotations

Branches:
Dungeon (11/15)            Temple (1/1) D:6            Lair (0/5) D:9
 Bailey (visited)
    Orc: D:9-12

Altars:
Ashenzari
Cheibriados
Dithmenos
Elyvilon
Fedhas
Gozag
Hepliaklqana
Kikubaaqudgha
Makhleb
Nemelex Xobeh
Okawaru
Qazlal
Ru
Sif Muna
Trog
Uskayaw
Vehumet
Wu Jian
Xom
Yredelemnul
Zin
The Shining One

Shops:
D:3 *   D:9 *   D:10 *


Message History

The blast of poison engulfs you.
You are poisoned.
You are engulfed in poison gas.
You are more poisoned.
You feel very sick.
You are engulfed in poison gas.
You are more poisoned.
You feel extremely sick.
Your magical contamination has completely faded away.
You feel very sick.
You feel very sick.
The swamp dragon breathes poison at you.
The blast of poison engulfs you.
You are more poisoned.
You feel better.
You are engulfed in poison gas.
You are poisoned.
You feel very sick.
As you read the scroll of teleportation, it crumbles to dust.
You feel strangely unstable.
You are engulfed in poison gas.
You are lethally poisoned!
* * * LOW HITPOINT WARNING * * *
x2 You feel very sick.
Unknown command.
Casting: Orb of Destruction (quite dangerous; 7% risk of failure)
Confirm with . or Enter, or press ? or * to list all spells.
You blink.
A cyclops comes into view.
* * * LOW HITPOINT WARNING * * *
You feel very sick.
The cyclops throws a large rock.
The large rock misses you.
The swamp dragon breathes poison at you.
The blast of poison misses you.
You feel better.
You are engulfed in poison gas.
You are lethally poisoned!
* * * LOW HITPOINT WARNING * * *
x2 You feel very sick.
The swamp dragon breathes poison at you.
The blast of poison misses you.
Unknown command.
You are engulfed in poison gas.
You are more poisoned.
You die...

######### #
##.......#...
#........#.#
#..##....C.#
#..##○#..#.#
#..#@☼#○.#
#..○☼○○○.#
#..○○○○○##
####.#### #D#
#.# .# #.#
... #.#
###.### #○#
.# .......#


You could see a swamp dragon (catching breath).

Vanquished Creatures
  An ice dragon (D:11)
  A hydra (D:11)
  A centaur warrior (D:11)
  4 two-headed ogres
  2 boulder beetles (D:11)
  A tengu warrior (D:11)
  Nergalle (D:11)
  4 orc knights
  An ugly thing (D:11)
  2 manticores (D:11)
  An orc sorcerer (D:8)
  2 cyclopes (D:11)
  Maggie (D:8)
  An unseen horror (D:11)
  A komodo dragon (D:9)
  2 trolls
  A hornet (D:9)
  A vampire (D:11)
  8 yaks
  2 shadows (D:11)
  2 wyverns (D:11)
  2 wraiths
  4 vampire mosquitoes
  2 basilisks (D:11)
  A steam dragon (D:9)
  2 acid dragons (D:9)
  2 water moccasins
  An ice beast (D:5)
  2 black bears
  12 orc warriors
  2 sky beasts
  An ogre (D:4)
  7 centaurs
  4 phantoms
  3 kobold brigands
  A bullfrog (D:6)
  3 gnoll sergeants
  3 scorpions
  6 wights
  22 killer bees
  A howler monkey (D:5)
  4 hounds
  2 jellies
  5 orc priests
  3 bombardier beetles
  2 sleepcaps
  2 gnoll boudas
  4 iguanas
  8 orc wizards
  Natasha (thrice) (D:3)
  24 gnolls
  11 adders
  A white imp (D:7)
  4 ufetubi
  A dart slug (D:1)
  40 orcs
  5 ball pythons
  4 bats
  10 endoplasms
  2 giant cockroaches
  10 goblins
  8 hobgoblins
  9 jackals
  22 kobolds
  A quokka (D:2)
  4 frilled lizards
  8 rats
318 creatures vanquished.

Vanquished Creatures (collateral kills)
  A killer bee (D:7)
1 creature vanquished.

Grand Total: 319 creatures vanquished

Notes
Turn   | Place    | Note
-------+----------+-------------------------------------------
     0 | D:1      | pokeman the Deep Elf Hedge Wizard began the quest for the
                  | Orb.
     0 | D:1      | Reached XP level 1. HP: 10/10 MP: 7/7
   327 | D:1      | Reached XP level 2. HP: 16/16 MP: 1/9
   603 | D:1      | Found a faded altar of an unknown god.
   939 | D:2      | Reached skill level 5 in Spellcasting
  1022 | D:2      | Reached XP level 3. HP: 20/20 MP: 8/11
  1026 | D:2      | Learned a level 3 spell: Mephitic Cloud
  1029 | D:2      | Learned a level 2 spell: Call Imp
  1032 | D:2      | Learned a level 2 spell: Blink
  1345 | D:2      | Reached skill level 1 in Armour
  1533 | D:2      | Reached skill level 1 in Fighting
  1696 | D:2      | Reached XP level 4. HP: 25/25 MP: 5/13
  2342 | D:3      | Noticed Natasha
  2544 | D:3      | Killed Natasha
  2545 | D:3      | Reached skill level 6 in Spellcasting
  2545 | D:3      | Reached XP level 5. HP: 24/29 MP: 8/15
  2628 | D:3      | Found Sueck's Assorted Antiques.
  2803 | D:3      | Noticed Natasha
  2810 | D:3      | Killed Natasha
  2930 | D:3      | Reached skill level 1 in Air Magic
  3006 | D:3      | Reached skill level 1 in Alchemy
  3108 | D:3      | Noticed Natasha
  3119 | D:3      | Killed Natasha
  3752 | D:4      | Reached XP level 6. HP: 34/34 MP: 13/17
  3770 | D:4      | Reached skill level 7 in Spellcasting
  3770 | D:4      | Reached skill level 1 in Evocations
  3947 | D:4      | Reached XP level 7. HP: 39/40 MP: 15/20
  4281 | D:4      | Reached skill level 8 in Spellcasting
  5004 | D:5      | Entered Level 5 of the Dungeon
  5250 | D:5      | Upgraded the game from 0.31-a0-1447-g87ca8d402b to
                  | 0.31-a0-1469-gd420192249
  5347 | D:5      | Reached skill level 9 in Spellcasting
  5347 | D:5      | Reached XP level 8. HP: 35/44 MP: 14/23
  5653 | D:5      | Reached skill level 5 in Conjurations
  6164 | D:6      | Found a staircase to the Ecumenical Temple.
  6182 | Temple   | Entered the Ecumenical Temple
  6190 | Temple   | Became a worshipper of Vehumet
  6333 | D:6      | Reached skill level 10 in Spellcasting
  6646 | D:6      | Learned a level 4 spell: Airstrike
  7039 | D:6      | Found a basalt altar of Yredelemnul.
  7072 | D:6      | Found a glowing silver altar of Zin.
  7251 | D:7      | Learned a level 1 spell: Shock
  7253 | D:7      | Found a flagged portal.
  7274 | Bailey   | Entered a bailey
  7291 | Bailey   | Reached XP level 9. HP: 32/49 MP: 25/25
  7302 | Bailey   | Reached * piety under Vehumet
  7302 | Bailey   | Offered knowledge of Sandblast by Vehumet.
  7407 | Bailey   | Reached skill level 11 in Spellcasting
  7407 | Bailey   | Reached skill level 1 in Fire Magic
  7732 | Bailey   | Noticed an orc knight
  7771 | Bailey   | Killed an orc knight
  7805 | Bailey   | Noticed an orc knight
  7817 | Bailey   | Killed an orc knight
  7818 | Bailey   | Reached skill level 12 in Spellcasting
  7818 | Bailey   | Reached skill level 5 in Air Magic
  8224 | D:7      | Reached ** piety under Vehumet
  8323 | D:7      | Learned a level 7 spell: Orb of Destruction
  8337 | D:7      | Learned a level 5 spell: Freezing Cloud
  8494 | D:7      | Found a faded altar of an unknown god.
  8494 | D:7      | Found a shadowy altar of Dithmenos.
  8500 | D:7      | Found a faded altar of an unknown god.
  8502 | D:7      | Found a shimmering blue altar of Sif Muna.
  8504 | D:7      | Found a glowing golden altar of the Shining One.
  8660 | D:8      | Offered knowledge of Static Discharge by Vehumet.
  8664 | D:8      | Reached XP level 10. HP: 56/56 MP: 28/28
  8753 | D:8      | Reached skill level 1 in Ice Magic
  8866 | D:8      | Reached skill level 1 in Ranged Weapons
  8868 | D:8      | Reached skill level 13 in Spellcasting
  9034 | D:8      | Noticed an orc sorcerer
  9038 | D:8      | Killed an orc sorcerer
  9269 | D:8      | Offered knowledge of Hailstorm by Vehumet.
  9291 | D:8      | Noticed Maggie
  9295 | D:8      | Killed Maggie
  9620 | D:9      | Reached *** piety under Vehumet
  9669 | D:9      | Found a sacrificial altar of Ru.
  9849 | D:9      | Found an ornate altar of the Wu Jian Council.
  9877 | D:9      | Found a staircase to the Lair.
  9888 | D:9      | Reached skill level 14 in Spellcasting
 10112 | D:9      | Found a hazy altar of Hepliaklqana.
 10384 | D:9      | Found Lyhyvaku's Lightly-Used Armoury.
 10477 | D:10     | Entered Level 10 of the Dungeon
 10529 | D:10     | Found Xekhlidwouch's General Store.
 10537 | D:10     | Bought a potion of curing for 39 gold pieces
 10537 | D:10     | Bought a potion of heal wounds for 65 gold pieces
 10537 | D:10     | Bought a scroll of identify for 26 gold pieces
 10538 | D:10     | Noticed a two-headed ogre
 10539 | D:10     | Killed a two-headed ogre
 10540 | D:10     | Reached XP level 11. HP: 61/61 MP: 31/31
 10851 | D:10     | Offered knowledge of Stone Arrow by Vehumet.
 10856 | D:10     | Learned a level 3 spell: Stone Arrow
 11044 | D:10     | Reached skill level 15 in Spellcasting
 11239 | D:11     | Noticed Nergalle
 11536 | D:11     | Reached skill level 1 in Shields
 11579 | D:11     | Noticed a four-headed hydra
 11581 | D:11     | Killed a four-headed hydra
 11607 | D:11     | Noticed a two-headed ogre
 11609 | D:11     | Killed a two-headed ogre
 11631 | D:11     | Noticed an orc knight
 11634 | D:11     | Identified the +8 sling of the Bursting Queen {elec, rF-
                  | rCorr Int+7}
 11638 | D:11     | Reached **** piety under Vehumet
 11638 | D:11     | Killed an orc knight
 11647 | D:11     | Reached skill level 16 in Spellcasting
 11687 | D:11     | Noticed an orc knight
 11689 | D:11     | Killed an orc knight
 11695 | D:11     | Noticed a white ugly thing
 11695 | D:11     | Noticed a two-headed ogre
 11698 | D:11     | Identified the staff of Armageddon {rN+ Stlth+ Necro}
 11698 | D:11     | Noticed a centaur warrior
 11699 | D:11     | Killed a white ugly thing
 11699 | D:11     | Killed a two-headed ogre
 11701 | D:11     | Offered knowledge of Lee's Rapid Deconstruction by Vehumet.
 11702 | D:11     | Killed a centaur warrior
 11703 | D:11     | Reached XP level 12. HP: 66/66 MP: 34/34
 11704 | D:11     | Noticed a boulder beetle
 11792 | D:11     | Killed a boulder beetle
 11809 | D:11     | Noticed a boulder beetle
 11820 | D:11     | Noticed a tengu warrior
 11830 | D:11     | Killed a boulder beetle
 11831 | D:11     | Reached skill level 10 in Conjurations
 11833 | D:11     | Killed a tengu warrior
 11834 | D:11     | Reached skill level 5 in Shields
 11852 | D:11     | Identified a scroll of acquirement
 11989 | Temple   | Acquired 653 gold pieces
 12110 | D:11     | Noticed a two-headed ogre
 12112 | D:11     | Killed a two-headed ogre
 12113 | D:11     | Reached skill level 17 in Spellcasting
 12158 | D:11     | Reached skill level 1 in Necromancy
 12213 | D:11     | Reached skill level 1 in Earth Magic
 12559 | D:11     | Killed Nergalle
 12606 | D:11     | Identified the staff "Oruploun" {Str+9 Dex-5 Earth}
 12682 | D:11     | Noticed an ice dragon
 12689 | D:11     | Killed an ice dragon
 12710 | D:11     | HP: 2/66 [poisoned by a swamp dragon (poison gas)]
 12711 | D:11     | Succumbed to a swamp dragon's poison gas

Illustrated notes

Levels and vault maps discovered:
D:1:      onia_arrival_mini_spirals, layout_basic, basic_ecumenical_altar,
          minmay_tetromino_o4
D:2:      kennysheep_big_flooded_room, layout_loops_ring
D:3:      layout_loops_corners, serial_shops, nicolae_shop_crystal,
          palyth_stone_intersect, minmay_increasing_density, uniq_natasha
D:4:      layout_loops_corners, minmay_between
D:5:      layout_cave_pools, chequers_decorated_corner,
          chequers_serial_rivers_micro_b, serial_park_tiny_pond
D:6:      layout_loops_corners, mainiacjoe_overflow_catwalk_spiral,
          minmay_temple_entry_ruins
D:7:      layout_cave_pools, chequers_temple_overflow_minitemple, enter_bailey_3
D:8:      cheibrodos_wizards_tower, layout_basic, uniq_maggie
D:9:      layout_grid_maze, nicolae_ru_path_of_blood,
          nzn_hepliaklqana_mist_gate, nzn_wu_jian_contemplation,
          david_lair_shrubbed, minmay_shop_damaged
D:10:     layout_cave_pools, serial_shops, shop, serial_park_tiny_pond,
          lemuel_flame_loot_1
D:11:     minmay_the_grid_3x3 [minmay_the_grid_dragon_a, minmay_the_grid_x,
          minmay_the_grid_large_cup, minmay_the_grid_dragon_b,
          minmay_the_grid_tree, minmay_the_grid_outer_diamond,
          minmay_the_grid_gridbox, minmay_the_grid_armoury,
          minmay_the_grid_prize_four_corners_diamond_b], layout_loops_cross,
          amcnicky_mini_rare_corridor_liquid, kennysheep_big_empty_room,
          uniq_nergalle
Temple:   nicolae_temple_two_arcs

Skill      XL: |  1  2  3  4  5  6  7  8  9 10 11 12 |
---------------+-------------------------------------+-----
Spellcasting   | 5 6 7 9 10 12 14 16 17 | 17.4
Armour         | 1 2 3 4 |  4.5
Fighting       | 1 2 3 4 |  4.0
Conjurations   | 2 3 4 5 7 8 9 10 | 10.4
Dodging        | 3 |  3.0
Stealth        | 3 |  3.0
Air Magic      | 1 2 3 5 6 8 |  8.9
Alchemy        | 1 |  1.1
Evocations     | 1 |  1.3
Fire Magic     | 1 |  1.1
Ice Magic      | 1 |  1.0
Ranged Weapons | 4 |  4.0
Shields        | 4 5 |  5.0
Necromancy     | 1 |  1.2
Earth Magic    | 1 |  1.1
Summonings     | |  1.1
Translocations | |  1.1

Action                     |  1- 3 |  4- 6 |  7- 9 | 10-12 || total
---------------------------+-------+-------+-------+-------++-------
  Melee: Long sword        |     2 |    23 |       |       ||    25
         Falchion          |       |       |    36 |       ||    36
         Heavy crossbow    |       |       |       |     1 ||     1
   Fire: Sling             |       |    55 |     5 |       ||    60
         Heavy crossbow    |       |       |    24 |   165 ||   189
   Cast: Magic Dart        |    95 |    78 |   192 |       ||   365
         Mephitic Cloud    |       |    10 |    19 |    31 ||    60
         Call Imp          |       |     3 |     2 |       ||     5
         Shock             |       |       |    40 |       ||    40
         Airstrike         |       |       |    11 |       ||    11
         Blink             |       |       |     2 |     6 ||     8
         Freezing Cloud    |       |       |       |     3 ||     3
         Orb of Destructio |       |       |       |     3 ||     3
    Use: Scroll            |       |       |       |    13 ||    13
         Potion            |       |       |       |     2 ||     2
   Stab: Confused          |       |     3 |     6 |       ||     9
 Armour: Robe              |     9 |    36 |    52 |    12 ||   109
         Steam dragon scal |       |       |       |    81 ||    81
  Dodge: Dodged            |    10 |    36 |   102 |   148 ||   296

Table legend: (Time is in decaauts)
 A = Elapsed time spent in this place.
 B = Non-inter-level travel time spent in this place.
 C = Inter-level travel time spent in this place.
 D = Time resting spent in this place.
 E = Time spent auto-exploring this place.
 F = Levels seen in this place.
 G = Mean time per level.
                   A        B        C        D        E       F      G
               +--------+--------+--------+--------+--------+-----+--------+
         Total |  13239 |  12726 |    513 |   1012 |   9281 |  13 | 1018.4 |
       Dungeon |  12426 |  11924 |    502 |    944 |   8759 |  11 | 1129.6 |
        Temple |     46 |     35 |     11 |      0 |      0 |   1 |   46.0 |
        Bailey |    767 |    767 |      0 |     68 |    522 |   1 |  767.0 |
               +--------+--------+--------+--------+--------+-----+--------+

Top non-repeatable levels by time:
     D:6: 1434 daAuts
     D:3: 1409 daAuts
     D:4: 1367 daAuts
     D:2: 1325 daAuts
     D:9: 1296 daAuts
    D:11: 1111 daAuts
     D:8: 1015 daAuts
    D:10: 975 daAuts
     D:1: 933 daAuts
     D:5: 836 daAuts
  Bailey: 767 daAuts
     D:7: 720 daAuts
  Temple: 46 daAuts
